Map: Efflorescence LE

Players

Massa

  • Race: Terran Terran
  • League: Platinum
  • Spawn Location: 12:00

qqq

  • Race: Zerg Zerg
  • Spawn Location: 3:00

Mathist

  • Race: Zerg Zerg
  • League: Platinum
  • Spawn Location: 6:00

Djoko

  • Race: Zerg Zerg
  • Spawn Location: 9:00

VOD

Have the link to the VOD?

Description

Time

  • Played on: Oct. 31, 2020, 6:34 a.m.
  • Length: 12:45
Show
View Real Time Build Order
Export as new Build Order

Massa Terran 

Build Orders:  

Get SALT Encoding   

  12  0:00  SCV  
  13  0:13  SCV  
  14  0:22  Supply Depot  
  14  0:25  SCV  
  15  0:41  Refinery  
  15  0:43  SCV  
  15  0:45  Barracks  
  16  0:55  SCV  
  17  1:11  SCV  
  18  1:16  Barracks  
  18  1:20  Barracks  
  18  1:29  SCV  
  19  1:41  Bunker  
  19  1:42  Marine  
  20  1:48  SCV  
  21  2:00  Marine  
  22  2:06  Marine  
  23  2:10  Factory  
  23  2:16  Marine  
  23  2:18  Supply Depot  
  23  2:30  Orbital Command  
  23  2:40  Marine x2  
  25  2:47  Marine, Supply Depot  
  26  2:57  Marine x2  
  28  3:05  Marine  
  28  3:11  Supply Depot  
  29  3:15  Marine x2  
  31  3:20  Factory Reactor  
  31  3:23  Marine  
  32  3:33  Marine x2  
  34  3:41  SCV  
  34  3:45  Command Center  
  35  3:49  Marine  
  35  3:51  Marine x2  
  38  4:04  Engineering Bay  
  38  4:07  Refinery, SCV  
  40  4:12  Hellion  
  40  4:13  Hellion  
  44  4:17  Barracks Tech Lab  
  43  4:34  Hellion, Missile Turret  
  43  4:35  Hellion  
  46  4:52  Missile Turret  
  46  5:03  Missile Turret  
  46  5:06  Starport  
  46  5:19  Stimpack  
  46  5:25  Hellion  
  48  5:36  Hellion  
  50  5:46  Hellion  
  48  6:30  Hellion x2  
  45  6:51  Hellion  
  45  6:52  Hellion  
  44  7:03  Combat Shield  
  44  7:09  Barracks Reactor  
  44  7:15  Barracks Reactor  
  44  7:17  Orbital Command  
  44  7:18  SCV  
  45  7:23  Factory Tech Lab  
  45  7:25  Missile Turret  
  45  7:29  Medivac  
  47  7:30  SCV  
  48  7:42  SCV  
  49  7:44  Marine  
  49  7:47  Siege Tank  
  53  7:54  SCV  
  54  7:59  Medivac  
  54  8:02  Marine  
  57  8:20  Marine  
  58  8:29  Liberator  
  58  8:33  Marine, Command Center  
  62  8:40  Supply Depot  
  62  9:01  SCV x2, Marine x5  
  69  9:03  Barracks  
  69  9:10  Concussive Shells  
  69  9:13  SCV  
  70  9:22  SCV, Marine  
  70  9:24  Widow Mine, Marauder, Marine x3  
  65  9:39  Marine  
  65  9:42  Marine x3  
  65  9:45  Marauder  
  65  9:57  Marine  
  65  10:00  Marine x3  
  65  10:06  Marauder  
  70  10:15  Marine  
  70  10:18  Marine x3  
  74  10:28  Marauder  
  59  10:35  Siege Tank  
  51  10:37  Marine x5  
  53  10:49  Marauder  
  44  10:54  Marine  
  44  10:55  Marine x2  
  42  11:07  Siege Tank  
  42  11:08  Marine  
  40  11:13  Marine x2  
  40  11:18  Barracks x2  
  39  11:19  Barracks x3  
  39  11:20  Barracks  
  39  11:21  Marine  
  40  11:26  Marine  
  40  11:31  Marine x2  
  43  11:39  Siege Tank  
  41  11:44  Marine  
  38  11:48  Marine  
  38  11:49  Marine  
  25  12:01  Marine  
  25  12:06  Marine x2  
  25  12:24  Marine x2  
  25  12:26  Barracks Reactor, Barracks Tech Lab  
  25  12:27  Barracks Reactor, Barracks Tech Lab  
Show
View Real Time Build Order
Export as new Build Order

qqq Zerg 

Build Orders: Hatch First 

Get SALT Encoding   

  12  0:00  Drone  
  13  0:13  Drone  
  14  0:39  Hatchery  
  14  0:42  Drone  
  14  1:00  Spawning Pool  
  13  1:13  Overlord  
  13  1:15  Extractor, Drone  
  13  1:20  Drone  
  14  1:36  Drone x2  
  17  1:47  Zergling x2  
  17  1:50  Queen  
  19  1:55  Zergling x2  
  20  2:01  Zergling x2  
  21  2:12  Drone  
  22  2:17  Zergling x2, Baneling Nest  
  22  2:22  Zergling x2  
  22  2:42  Queen  
  22  2:43  Drone x2  
  26  2:51  Metabolic Boost  
  26  2:59  Drone  
  26  3:00  Zergling x2  
  26  3:03  Baneling  
  26  3:04  Baneling  
  28  3:07  Baneling  
  28  3:14  Overlord  
  28  3:23  Baneling x2  
  28  3:36  Drone x4  
  28  3:39  Drone  
  28  3:40  Drone  
  34  3:42  Drone  
  34  3:46  Zergling x2  
  36  3:52  Overlord  
  36  3:57  Baneling  
  36  4:02  Extractor  
  35  4:09  Lair  
  36  4:10  Drone  
  36  4:11  Drone  
  36  4:13  Drone  
  36  4:14  Extractor  
  36  4:15  Drone  
  38  4:26  Drone x4  
  42  4:35  Drone  
  42  4:36  Spore Crawler  
  42  4:39  Drone  
  42  4:40  Drone  
  44  4:58  Overlord x2  
  44  4:59  Overlord  
  44  5:15  Baneling x8  
  44  5:32  Drone  
  44  5:33  Spire  
  44  5:47  Drone x3  
  47  5:50  Extractor  
  47  5:55  Hatchery  
  45  6:03  Drone, Zergling x2  
  45  6:04  Zergling x4  
  49  6:21  Zergling x2  
  49  6:22  Drone, Zergling x2  
  49  6:23  Drone x4  
  56  6:28  Drone  
  56  6:29  Zergling x4  
  59  6:33  Drone  
  49  7:00  Drone x4  
  49  7:01  Mutalisk x6  
  53  7:07  Drone x2  
  67  7:10  Zerg Flyer Weapons Level 1  
  67  7:16  Queen  
  69  7:25  Mutalisk x2, Overlord  
  73  7:46  Overlord x3  
  73  7:48  Hatchery, Hydralisk Den  
  68  8:00  Overlord  
  68  8:01  Overlord  
  68  8:13  Hatchery  
  68  8:16  Mutalisk x6  
  79  8:25  Spore Crawler  
  78  8:40  Mutalisk x2  
  82  8:42  Overlord x2  
  82  8:45  Drone  
  82  8:48  Drone  
  84  8:50  Mutalisk  
  84  8:54  Hydralisk  
  88  9:05  Drone, Zerg Flyer Armor Level 1  
  88  9:08  Muscular Augments  
  88  9:09  Hydralisk  
  91  9:11  Hydralisk  
  93  9:19  Spore Crawler  
  92  9:28  Mutalisk  
  90  9:40  Mutalisk x2  
  90  9:41  Drone  
  90  9:42  Drone x4  
  97  10:00  Mutalisk x2  
  97  10:01  Drone  
  97  10:02  Drone  
  70  10:38  Hydralisk x2  
  70  10:39  Hydralisk x7  
  80  10:52  Hydralisk x3  
  72  11:12  Mutalisk x2  
  72  11:17  Hydralisk  
  76  11:19  Zergling x4  
  71  11:37  Overlord x5  
  71  11:38  Overlord  
  63  11:58  Mutalisk  
  63  11:59  Mutalisk x3  
  71  12:05  Extractor  
  64  12:14  Spore Crawler  
  60  12:20  Hydralisk Den  
  60  12:22  Drone x3  
Show
View Real Time Build Order
Export as new Build Order

Mathist Zerg 

Build Orders: Pool First 

Get SALT Encoding   

  12  0:19  Spawning Pool  
  12  0:20  Extractor  
  10  0:24  Drone  
  11  0:30  Drone  
  12  0:41  Overlord  
  12  1:06  Zergling x6  
  15  1:28  Queen  
  15  1:32  Metabolic Boost  
  17  1:35  Drone  
  17  1:37  Drone  
  19  1:41  Drone  
  20  1:50  Drone  
  21  2:13  Hatchery  
  20  2:28  Drone x2  
  22  2:52  Overlord  
  22  3:12  Drone x5  
  27  3:30  Drone x5  
  32  3:35  Hatchery, Queen  
  32  3:40  Drone  
  34  3:42  Drone  
  34  3:47  Drone  
  36  3:55  Overlord  
  36  3:56  Overlord  
  36  4:06  Overlord  
  36  4:08  Lair  
  36  4:15  Extractor  
  35  4:17  Drone x2  
  35  4:18  Drone, Extractor  
  35  4:19  Drone  
  35  4:21  Drone  
  35  4:23  Drone  
  40  4:27  Drone x2  
  42  4:34  Drone x2  
  44  4:50  Extractor, Roach Warren  
  42  4:56  Queen  
  44  5:12  Drone x10, Spire  
  53  5:37  Queen  
  53  5:41  Roach x5  
  65  5:42  Roach  
  65  5:46  Glial Reconstitution  
  64  6:01  Spine Crawler  
  64  6:02  Roach  
  65  6:05  Spine Crawler  
  62  6:18  Roach  
  62  6:20  Overlord  
  62  6:21  Overlord x6  
  62  6:56  Roach  
  62  6:57  Roach x8  
  80  7:02  Evolution Chamber x2  
  80  7:05  Overseer  
  80  7:07  Pneumatized Carapace  
  78  7:10  Drone x4  
  82  7:20  Roach  
  82  7:21  Roach x5  
  94  7:38  Zerg Missile Weapons Level 1, Zerg Ground Armor Level 1  
  94  7:43  Hydralisk Den  
  79  8:13  Hydralisk  
  79  8:14  Hydralisk x10  
  101  8:29  Spore Crawler  
  101  8:30  Spore Crawler  
  99  8:37  Hatchery  
  98  8:51  Spore Crawler  
  98  8:55  Drone x6, Spore Crawler x2  
  101  8:57  Drone  
  96  9:42  Hydralisk x2  
  80  10:54  Roach  
  80  10:55  Roach x12  
  96  11:52  Roach  
  96  11:53  Roach x11  
Show
View Real Time Build Order
Export as new Build Order

Djoko Zerg 

Build Orders: Pool First, Muta Ling Bane 

Get SALT Encoding   

  12  0:01  Drone  
  13  0:08  Drone  
  14  0:17  Overlord  
  14  0:35  Spawning Pool  
  14  0:38  Drone  
  14  0:42  Drone  
  15  0:46  Drone  
  16  0:51  Drone  
  16  0:54  Extractor  
  16  1:08  Drone  
  17  1:25  Drone  
  18  1:26  Hatchery  
  18  1:31  Zergling x2  
  18  1:39  Queen  
  20  1:47  Zergling x2  
  21  2:01  Zergling x2  
  22  2:13  Overlord  
  22  2:14  Overlord  
  22  2:18  Extractor  
  21  2:26  Drone  
  22  2:35  Lair  
  22  2:43  Drone x3  
  25  2:49  Drone  
  25  2:51  Drone x4  
  30  3:05  Baneling Nest  
  29  3:11  Queen  
  31  3:13  Drone  
  31  3:17  Drone  
  31  3:19  Drone  
  34  3:22  Drone  
  35  3:33  Drone x3  
  38  3:42  Drone x2  
  38  3:43  Drone x2  
  42  3:50  Drone x2  
  42  3:53  Baneling x2  
  42  3:54  Baneling x3  
  44  3:59  Overlord  
  44  4:05  Centrifical Hooks  
  44  4:22  Extractor  
  44  4:23  Drone  
  44  4:24  Drone x7, Extractor  
  47  4:25  Drone  
  49  4:47  Pneumatized Carapace  
  49  4:49  Drone x3  
  52  5:04  Spire  
  51  5:09  Spore Crawler  
  50  5:20  Spore Crawler  
  48  5:25  Zergling x2  
  48  5:26  Hatchery, Zergling x6  
  51  5:28  Overlord x2  
  51  5:36  Drone  
  52  5:47  Baneling  
  52  5:48  Baneling x7  
  52  5:52  Zergling x4  
  52  5:53  Zergling x10  
  59  5:58  Spine Crawler  
  57  6:17  Baneling x14  
  54  6:20  Mutalisk  
  54  6:21  Mutalisk x2  
  55  6:58  Mutalisk x4  
  62  7:07  Drone  
  62  7:08  Drone x11  
  74  7:23  Zerg Flyer Weapons Level 1  
  74  7:26  Extractor  
  74  7:29  Extractor  
  72  7:35  Mutalisk  
  74  7:48  Overlord x3  
  74  7:49  Overlord x3  
  74  7:58  Spine Crawler x2  
  74  8:00  Spine Crawler  
  71  8:08  Mutalisk  
  71  8:09  Mutalisk x5  
  71  8:12  Zergling x2  
  84  8:13  Zergling x12  
  84  8:14  Queen  
  84  8:19  Metabolic Boost  
  92  8:24  Infestation Pit  
  92  8:34  Drone x4  
  92  8:35  Drone x2  
  97  8:46  Mutalisk  
  97  8:47  Mutalisk x3  
  105  9:03  Mutalisk x5  
  105  9:04  Hatchery  
  114  9:11  Overlord x4  
  112  9:28  Mutalisk  
  112  9:29  Mutalisk x5  
  120  10:01  Mutalisk x2  
  120  10:02  Mutalisk x3  
  105  10:45  Mutalisk x3  
  105  10:46  Mutalisk x4  
  115  11:11  Zergling x2  
  115  11:12  Zergling x14  
  123  11:22  Queen  
  117  11:56  Zergling x2  
  117  11:57  Zergling x22  
Tags
 
Add a new tag
Caveats
  • Supply blocks, unpowered buildings, or Contaminate may cause inaccurate times.
  • Supply counts are checked every 10 seconds.